 Dungeon Crawl Stone Soup version 0.29.1-12-g30fa7ad0bf (webtiles) character file.

Game seed: 17576623832866387831

15787 mikeweasel the Cleaver (level 12, 0/111 HPs)
             Began as a Troll Fighter on Jan 12, 2023.
             Was a Plaything of Xom.
             Slain by an orc warrior
             ... wielding a +0 trident
              (8 damage)
             ... while paralysed by an orc sorcerer
             ... on level 1 of the Orcish Mines.
             The game lasted 01:50:35 (9352 turns).

mikeweasel the Cleaver (Troll Fighter)              Turns: 9352, Time: 01:50:36

Health: 0/111      AC: 12    Str: 31    XL:     12   Next: 4%
Magic:  0/11       EV:  1    Int:  7    God:    Xom [....*.]
Gold:   1919       SH:  0    Dex: 12    Spells: 5/11 levels left

rFire   + . .      SeeInvis +   r - +11 broad axe of the Bright God {vamp, Will+ Str+4 Int-2}
rCold   . . .      Faith    .   b - +2 kite shield
rNeg    . . .      Spirit   +   E - +0 steam dragon scales
rPois   .          Reflect  .   (helmet restricted)
rElec   .          Harm     .   i - +2 cloak
rCorr   .          Rampage  .   (gloves unavailable)
Will    +....                   (boots unavailable)
Stlth   ++........              B - amulet of guardian spirit
HPRegen 1.08/turn               g - +4 ring of evasion
MPRegen 0.12/turn               C - ring of see invisible

@: paralysed
A: large, unfitting armour, claws 3, regeneration 1, shaggy fur 1, tough skin 1,
horns 1, iridescent scales 1, agile 1, clever 1, fire resistance 1, sense
surroundings 1, screaming 1, wild magic 2, inability to drink after injury 1
a: Renounce Religion


You were on level 1 of the Orcish Mines.
You worshipped Xom.
You were a beloved toy of Xom.
You visited 2 branches of the dungeon, and saw 11 of its levels.
You visited the Abyss 1 time.

You collected 2117 gold pieces.
You spent 198 gold pieces at shops.

Inventory:

Hand Weapons
 j - the +9 trident "Baomig" {antimagic, Fly Str+4 Int-4 Dex+6}
   (You found it on level 4 of the Dungeon)

   It reduces the magical energy of the wielder, and disrupts the spells and
   magical abilities of those it strikes.
   Natural abilities and divine invocations are not affected.
   Str:       It affects your strength (+4).
   Int:       It affects your intelligence (-4).
   Dex:       It affects your dexterity (+6).
   Fly:       It grants you flight.
 r - the +11 broad axe of the Bright God (weapon) {vamp, Will+ Str+4 Int-2}
   (You took it off an orc wizard on level 6 of the Dungeon)

   It occasionally heals its wielder for a portion of the damage dealt when it
   wounds a living foe.
   Str:       It affects your strength (+4).
   Int:       It affects your intelligence (-2).
   Will:      It increases your willpower.
 D - the +9 lance "Wyrmbane" {slay drac, rPois rF+ rC+ AC+3}
   (You took it off Maggie on level 8 of the Dungeon)

   It inflicts extra damage against dragons and draconians.
   AC:        It affects your AC (+3).
   rF:        It protects you from fire.
   rC:        It protects you from cold.
   rPois:     It protects you from poison.
Missiles
 a - 2 throwing nets
 o - 8 silver boomerangs
 q - 4 poisoned darts (quivered)
Armour
 b - a +2 kite shield (worn)
 i - a +2 cloak (worn)
 E - +0 steam dragon scales (worn)
Jewellery
 g - a +4 ring of evasion (left claw)
 B - an amulet of guardian spirit (around neck)
 C - a ring of see invisible (right claw)
Wands
 h - a wand of light (2)
 x - a wand of flame (23)
 y - a wand of mindburst (18)
 A - a wand of iceblast (17)
 I - a wand of charming (17)
Scrolls
 d - 7 scrolls of identify
 f - 6 scrolls of teleportation
 m - 2 scrolls of fog
 n - 2 scrolls of blinking
 s - 3 scrolls of enchant weapon
 u - 3 scrolls of fear
 v - a scroll of brand weapon
 F - 4 scrolls of amnesia
Potions
 c - a potion of might
 e - 5 potions of curing
 k - 2 potions of heal wounds
 l - 3 potions of haste
 p - 2 potions of ambrosia
 t - a potion of lignification
 z - a potion of invisibility {unknown}
 G - a potion of brilliance {unknown}


   Skills:
 + Level 5.5 Fighting
 + Level 9.6 Axes
 + Level 4.7 Throwing
 + Level 7.0 Dodging
 + Level 1.9 Stealth
 + Level 7.6 Shields
 + Level 8.4 Unarmed Combat


You had 5 spell levels left.
You knew the following spells:

 Your Spells              Type           Power      Damage    Failure   Level
a - Dispel Undead         Necr           0%         3d6       100%        4
b - Passwall              Tmut/Erth      0%         N/A       90%         2

Your spell library contained the following spells:

 Spells                   Type           Power      Damage    Failure   Level
 Ensorcelled Hibernation  Hex/Ice        0%         N/A       90%         2
 Static Discharge         Conj/Air       0%         3-3/arc   90%         2
 Swiftness                Air            0%         N/A       98%         3
 Sticky Flame             Conj/Fire      0%         2d3       100%        4


Dungeon Overview and Level Annotations

Branches:
Dungeon (10/15)            Temple (0/1) D:5             Orc (1/2) D:9
   Lair: D:8-11

Altars:
Ashenzari
Fedhas
Okawaru
Ru
Sif Muna
Xom

Shops:
D:7 ??

Portals:
Abyss: D:9


Innate Abilities, Weirdness & Mutations

You are too large for most types of armour.
You have claws for hands.
Your natural rate of healing is unusually fast.
You are covered in fur. (AC +1)
You have tough skin. (AC +1)
You have a pair of small horns on your head.
You are partially covered in iridescent scales. (AC +2)
You are agile. (Dex +4, Str/Int -1)
Your mind is acute. (Int +4, Str/Dex -1)
Your flesh is heat resistant. (rF+)
You passively map a small area around you.
You occasionally shout uncontrollably at your foes.
Your spells are harder to cast, but more powerful.
You occasionally lose the ability to drink potions when taking damage.


Message History

The magic dart hits you!
The orc warrior hits you from afar with a +0 trident.
The orc warrior hits you from afar with a +0 glaive.
The orc warrior hits you but does no damage.
The orc hits you but does no damage.
The orc priest looks encouraged for a moment.
The orc priest hits you from afar with a +0 trident.
The orc warrior hits you from afar with a +0 trident.
The orc warrior hits you from afar with a +0 glaive! x2
The orc hits you but does no damage.
The orc wizard points at you and mumbles some strange words.
The magic dart hits you but does no damage.
The orc priest hits you but does no damage.
The orc priest miscasts a cantrip.
The orc warrior hits you from afar with a +0 trident!
The orc sorcerer hits you but does no damage.
The orc warrior hits you from afar with a +0 glaive. x2
The orc hits you from afar with a +0 trident.
The orc wizard gestures at you while chanting.
The puff of flame hits you but does no damage.
The orc priest begins to cast a cantrip, but forgets the words!
The orc priest looks braver for a moment.
The orc wizard hits you but does no damage.
The orc warrior hits you from afar with a +0 trident.
The orc sorcerer hits you with a +0 dagger.
* * * LOW HITPOINT WARNING * * *
The orc warrior hits you from afar with a +0 glaive!
* * * LOW HITPOINT WARNING * * *
The orc hits you from afar with a +0 trident.
* * * LOW HITPOINT WARNING * * *
The orc warrior hits you from afar with a +0 glaive!
* * * LOW HITPOINT WARNING * * *
Xom is mildly amused.
The orc hits you but does no damage.
The orc priest hits you with a +0 dagger.
* * * LOW HITPOINT WARNING * * *
The orc priest hits you but does no damage.
The orc warrior hits you from afar with a +0 trident!
You die...
Xom roars with laughter!

* , , *
.....#..(....$..
...........$....
,
....$...........
,
,................
.......o(......$
......ooo.o.....
.......oo.o.....
#...o>@o...... ,
,,
#.......o.......
,
................
*
#..........##.#.
, ##........##* #
##...$..##
#....#### *
**....#


You could see an orc sorcerer, 3 orc warriors, 2 orc priests, 3 orc wizards and
2 orcs.

Vanquished Creatures
  Erolcha (D:9)
  2 two-headed ogres
  The ghost of nshep25 the Destroyer, a novice DsCj of Gozag (D:9)
  A goliath frog (shapeshifter) (D:9)
  The ghost of gdog the Covert, a novice GnDe of Gozag (D:7)
  An orc knight (D:9)
  Maurice (D:9)
  A guardian serpent (D:10)
  A toenail golem (D:9)
  Maggie (D:8)
  An unseen horror (D:10)
  3 trolls
  A red devil (D:9)
  A raiju (D:9)
  A raiju (shapeshifter) (D:7)
  A vampire (D:9)
  A wyvern (D:8)
  2 yaks (D:10)
  Eustachio (D:4)
  Grum (D:8)
  A warg (D:9)
  3 water moccasins (D:7)
  10 orc warriors
  A sky beast (D:6)
  2 ice beasts
  3 black bears
  A centaur (D:7)
  3 wolves (D:8)
  2 ogres
  A phantom (D:7)
  A small abomination (D:9)
  A kobold brigand (D:8)
  A necrophage (D:7)
  2 scorpions (D:6)
  9 bullfrogs
  2 gnoll sergeants (D:9)
  22 wights
  An electric eel (D:10)
  2 howler monkeys (D:9)
  A quasit (D:5)
  10 orc priests
  5 hounds
  A gnoll bouda (D:9)
  3 jellies (D:7)
  Crazy Yiuf (D:3)
  3 iguanas
  Natasha (twice) (D:3)
  8 orc wizards
  15 gnolls
  8 adders
  A river rat (D:6)
  4 shadow imps
  2 white imps
  6 ufetubi
  A worm (D:3)
  3 dart slugs
  45 orcs
  13 bats
  6 endoplasms
  3 giant cockroaches
  11 goblins
  8 hobgoblins
  8 jackals
  14 kobolds
  3 quokkas
  10 ball pythons
  3 frilled lizards
  11 rats
301 creatures vanquished.

Vanquished Creatures (collateral kills)
  An orc warlord (D:9)
  A troll (D:9)
  2 yaks (D:10)
  5 orc warriors (D:9)
  An ice beast (D:6)
  2 centaurs (D:10)
  A phantom (D:6)
  3 orc priests (D:9)
  A gnoll bouda (D:6)
  An orc wizard (D:9)
  A gnoll (D:6)
  14 orcs (D:9)
33 creatures vanquished.

Vanquished Creatures (others)
  8 demonic plants (D:5)
  10 plants (D:10)
18 creatures vanquished.

Grand Total: 352 creatures vanquished

Notes
Turn   | Place    | Note
-------+----------+-------------------------------------------
     0 | D:1      | mikeweasel the Troll Fighter began the quest for the Orb.
     0 | D:1      | Reached XP level 1. HP: 22/22 MP: 0/0
   135 | D:1      | Reached XP level 2. HP: 24/29 MP: 1/1
   292 | D:1      | Reached XP level 3. HP: 36/36 MP: 2/2
  1231 | D:2      | Reached XP level 4. HP: 44/44 MP: 3/3
  1389 | D:2      | Found a shimmering altar of Xom.
  1399 | D:2      | Became a worshipper of The Xom-Meister,
                  | Xom-a-lom-a-ding-dong
  1757 | D:2      | XOM: divination: detect creatures
  1799 | D:2      | XOM is BORED!
  2178 | D:3      | Noticed Natasha
  2183 | D:3      | XOM: 3-stop teleportation journey
  2396 | D:3      | Killed Natasha
  2397 | D:3      | Reached XP level 5. HP: 51/52 MP: 4/4
  2401 | D:3      | Noticed Natasha
  2408 | D:3      | Killed Natasha
  2609 | D:3      | Found a runed translucent door.
  2610 | D:3      | Noticed Crazy Yiuf
  2614 | D:3      | XOM: noise
  2615 | D:3      | XOM: smoke on damage
  2617 | D:3      | Killed Crazy Yiuf
  2859 | D:3      | XOM: draining
  2895 | D:3      | XOM: give mutations
  2895 | D:3      | Gained mutation: A frigid envelope surrounds you and
                  | freezes all who hurt you. [Xom's mischief]
  2895 | D:3      | Gained mutation: You are clumsy. (Dex -2) [Xom's mischief]
  2895 | D:3      | Gained mutation: You are partially covered in iridescent
                  | scales. (AC +2) [Xom's mischief]
  2954 | D:4      | Found a broken altar of Ashenzari.
  2954 | D:4      | Found a sacrificial altar of Ru.
  2954 | D:4      | Found a blossoming altar of Fedhas.
  2954 | D:4      | XOM: 6-stop teleportation journey
  2981 | D:4      | Noticed Eustachio
  2988 | D:4      | XOM: enchant monster (good)
  3000 | D:4      | XOM: butterfly on damage
  3002 | D:4      | Killed Eustachio
  3003 | D:4      | Reached XP level 6. HP: 27/61 MP: 5/5
  3043 | D:4      | XOM: noise
  3062 | D:4      | XOM: 3-stop teleportation journey
  3095 | D:4      | Identified the +9 trident "Baomig" {antimagic, Fly Str+4
                  | Int-4 Dex+6}
  3176 | D:4      | XOM: 4-stop teleportation journey
  3474 | D:4      | XOM: summons 4 hostile demons
  3655 | D:4      | XOM: give mutation
  3655 | D:4      | Gained mutation: Your flesh is heat resistant. (rF+) [Xom's
                  | grace]
  3692 | D:5      | Entered Level 5 of the Dungeon
  3730 | D:5      | XOM: give mutation
  3730 | D:5      | Gained mutation: You are dopey. (Int -2) [Xom's mischief]
  3739 | D:5      | Found a staircase to the Ecumenical Temple.
  3755 | D:5      | Reached skill level 5 in Unarmed Combat
  3755 | D:5      | Reached XP level 7. HP: 67/67 MP: 6/6
  3800 | D:5      | XOM: give mutation
  3800 | D:5      | Lost mutation: You are dopey. (Int -2) [Xom's mischief]
  3852 | D:5      | XOM: 1-stop teleportation journey
  3869 | D:5      | XOM: stat loss: -1 Str (26/27)
  4161 | D:5      | XOM: give mutations
  4161 | D:5      | Gained mutation: You occasionally lose the ability to read
                  | scrolls when taking damage. [Xom's mischief]
  4161 | D:5      | Gained mutation: You occasionally shout uncontrollably at
                  | your foes. [Xom's mischief]
  4161 | D:5      | Gained mutation: You are frail. (-10% HP) [Xom's mischief]
  4163 | D:5      | XOM: stat loss: -1 Str (26/27)
  4394 | D:5      | XOM: give mutations
  4394 | D:5      | Lost mutation: You are frail. (-10% HP) [Xom's mischief]
  4394 | D:5      | Lost mutation: You are clumsy. (Dex -2) [Xom's mischief]
  4394 | D:5      | Lost mutation: You occasionally lose the ability to read
                  | scrolls when taking damage. [Xom's mischief]
  4394 | D:5      | Gained mutation: You occasionally lose the ability to drink
                  | potions when taking damage. [Xom's mischief]
  4397 | D:5      | XOM: divination: magic mapping
  4610 | D:6      | XOM: polymorph orc wizard -> river rat
  4612 | D:6      | XOM: give mutation
  4612 | D:6      | Lost mutation: A frigid envelope surrounds you and freezes
                  | all who hurt you. [Xom's mischief]
  4638 | D:6      | Reached XP level 8. HP: 75/75 MP: 7/7
  4745 | D:6      | XOM: torment (39/75 hp)
  4831 | D:6      | Noticed a two-headed ogre
  4861 | D:6      | XOM: 1-stop teleportation journey
  4947 | D:6      | Reached skill level 5 in Shields
  5044 | D:6      | XOM: summons 4 hostile shadow creatures
  5045 | D:6      | XOM: 1-stop teleportation journey
  5086 | D:6      | Identified the +11 broad axe of the Bright God {vamp, Will+
                  | Str+4 Int-2}
  5086 | D:6      | XOM: 6-stop teleportation journey
  5098 | D:6      | Killed a two-headed ogre
  5099 | D:6      | Reached skill level 1 in Throwing
  5099 | D:6      | Reached skill level 5 in Dodging
  5212 | D:6      | Reached XP level 9. HP: 68/80 MP: 8/8
  5343 | D:6      | XOM: summons 2 hostile demons
  5403 | D:6      | XOM: cast spell 'Summon Horrible Things'
  5436 | D:6      | Reached skill level 1 in Axes
  5591 | D:6      | Found a shimmering blue altar of Sif Muna.
  5618 | D:6      | XOM: give mutations
  5618 | D:6      | Gained mutation: You are agile. (Dex +4, Str/Int -1) [Xom's
                  | grace]
  5618 | D:6      | Gained mutation: You passively map a small area around you.
                  | [Xom's grace]
  5618 | D:6      | Gained mutation: You have a pair of small horns on your
                  | head. [Xom's grace]
  5628 | D:6      | XOM: god gift: 5 stones
  5679 | D:7      | XOM: confuse monster(s)
  5684 | D:7      | Reached skill level 1 in Stealth
  5757 | D:7      | Reached skill level 2 in Axes
  5804 | D:7      | Found Canoin's Magic Scroll Emporium.
  5810 | D:7      | Bought a scroll of teleportation for 36 gold pieces
  5810 | D:7      | Bought a scroll of fear for 48 gold pieces
  5810 | D:7      | Bought a scroll of blinking for 90 gold pieces
  5852 | D:7      | XOM: polymorph water moccasin -> shapeshifter
  5888 | D:7      | Learned a level 4 spell: Dispel Undead
  5921 | D:7      | Identified the +1 ring mail of Activism {rC+ Int+3 Slay+2}
  5992 | D:7      | XOM: 1-stop teleportation journey
  6051 | D:7      | Reached skill level 3 in Axes
  6055 | D:7      | XOM: polymorph kobold brigand -> water moccasin
  6139 | D:7      | Found a runed translucent door.
  6186 | D:7      | XOM: scenery: 1 doors open, 1 doors close
  6200 | D:7      | XOM: cleaving
  6212 | D:7      | Reached skill level 4 in Axes
  6316 | D:7      | Found Vayzaun's Magic Scroll Shop.
  6346 | D:7      | Reached XP level 10. HP: 79/92 MP: 7/9
  6452 | D:7      | XOM: god gift: 930 gold pieces
  6675 | D:7      | XOM: god gift: book of Burglary
  6680 | D:7      | Learned a level 2 spell: Passwall
  6757 | D:7      | Noticed gdog's ghost (novice GnDe)
  6767 | D:7      | XOM: summons 6 friendly demons
  6768 | D:7      | Killed gdog's ghost
  6806 | D:7      | Bought a scroll of identify for 24 gold pieces
  6817 | D:7      | XOM: cloud trail
  7039 | D:8      | XOM: divination: detect creatures
  7049 | D:8      | Reached skill level 5 in Axes
  7049 | D:8      | Noticed Grum
  7058 | D:8      | Killed Grum
  7133 | D:8      | Identified the +3 plate armour "Deojunin" {rPois}
  7174 | D:8      | Noticed Maggie
  7176 | D:8      | XOM: chaos upgrade
  7204 | D:8      | Killed Maggie
  7215 | D:8      | Reached skill level 6 in Axes
  7329 | D:8      | Identified the +2 whip of Egomania {venom, Int+6 Dex+4}
  7395 | D:8      | XOM: scenery: summon butterflies
  7479 | D:8      | You fall into a shaft and drop 2 floors!
  7479 | D:10     | Entered Level 10 of the Dungeon
  7487 | D:10     | XOM: polymorph centaur -> ice beast
  7524 | D:10     | Noticed an orc knight
  7532 | D:10     | Noticed a guardian serpent
  7532 | D:10     | an orc knight changed into a guardian serpent
  7532 | D:10     | XOM: polymorph orc knight -> guardian serpent
  7538 | D:10     | Reached skill level 7 in Axes
  7540 | D:10     | XOM: summons 5 friendly demons
  7541 | D:10     | Killed a guardian serpent
  7547 | D:10     | XOM: enchant monster (good)
  7552 | D:10     | XOM: enchant monster (good)
  7558 | D:10     | Reached XP level 11. HP: 101/101 MP: 10/10
  7685 | D:9      | XOM: scenery: 2 doors close
  7767 | D:9      | XOM: scenery: 1 doors close
  7827 | D:9      | XOM: enchant monster (good)
  7836 | D:9      | Noticed Erolcha
  7842 | Abyss:1  | Cast into level 1 of the Abyss (Erolcha)
  7842 | D:9      | Escaped the Abyss
  7842 | D:9      | XOM: revert banishment
  7850 | D:9      | Killed Erolcha
  8149 | D:8      | XOM: give mutations
  8149 | D:8      | Gained mutation: Your spells are a little harder to cast,
                  | but a little more powerful. [Xom's grace]
  8149 | D:8      | Gained mutation: Your mind is acute. (Int +4, Str/Dex -1)
                  | [Xom's grace]
  8149 | D:8      | Gained mutation: Your spells are harder to cast, but more
                  | powerful. [Xom's grace]
  8348 | D:9      | XOM: summons friendly quasit
  8354 | D:9      | Reached skill level 8 in Axes
  8517 | D:9      | Found a transporter.
  8543 | D:9      | XOM: cleaving
  8546 | D:9      | Found a transporter.
  8547 | D:9      | Found a one-way gate to the infinite horrors of the Abyss.
  8547 | D:9      | Noticed nshep25's ghost (novice DsCj)
  8576 | D:9      | Noticed a two-headed ogre
  8586 | D:9      | Killed a two-headed ogre
  8649 | D:9      | XOM: enchant monster (good)
  8658 | D:9      | Reached skill level 5 in Fighting
  8676 | D:9      | Killed nshep25's ghost
  8681 | D:9      | Noticed an anaconda
  8694 | D:9      | Noticed a radroach
  8694 | D:9      | an anaconda changed into a radroach
  8695 | D:9      | Noticed a goliath frog
  8695 | D:9      | a radroach changed into a goliath frog
  8698 | D:9      | Killed a goliath frog
  8831 | D:9      | Noticed Maurice
  8848 | D:9      | Killed Maurice
  8978 | D:9      | XOM: god gift: 361 gold pieces
  8981 | D:9      | Found an iron altar of Okawaru.
  9088 | D:9      | Reached skill level 9 in Axes
  9111 | D:9      | Found a staircase to the Orcish Mines.
  9126 | Orc:1    | Entered Level 1 of the Orcish Mines
  9126 | Orc:1    | Noticed an orc knight
  9126 | Orc:1    | Noticed an orc sorcerer
  9128 | Orc:1    | Noticed an orc warlord
  9141 | D:9      | Killed an orc knight
  9149 | Orc:1    | XOM: enchant monster (good)
  9150 | Orc:1    | Noticed a sun demon
  9238 | D:9      | Killed an orc warlord
  9256 | D:9      | Reached XP level 12. HP: 53/111 MP: 7/11
  9347 | Orc:1    | Paralysed by an orc sorcerer for 5 turns
  9352 | Orc:1    | Slain by an orc warrior

Illustrated notes

Levels and vault maps discovered:
D:1:      sevenhm_arrival_forest_fort_large_4, layout_basic,
          nicolae_kite_square_tiling_tiny, minmay_heptomino_o4
D:2:      layout_loops_corners, basic_altar, columned_hall_lemuel,
          kennysheep_generic_room_9
D:3:      minmay_spotlight, layout_basic, uniq_natasha, uniq_crazy_yiuf_cottage
D:4:      layout_loops_ring, mainiacjoe_overflow_six_doors_small,
          jmf_multi_god_temple, uniq_eustachio
D:5:      layout_basic, minmay_temple_entry_large_hall, serial_demonic,
          serial_demonic_g, serial_demonic_e, serial_demonic_d,
          serial_demonic_a, serial_demonic_f
D:6:      layout_basic, nicolae_sif_muna_little_library
D:7:      layout_loops_corners, ebering_ghost_reflecting_pool, serial_shops,
          nicolae_take_the_stairs, nicolae_square_shop, chequers_mini_garden,
          minmay_joined_circles
D:8:      layout_loops_ring, minmay_misc_feat_enclosed, lightli_minifort,
          uniq_maggie, uniq_grum
D:9:      layout_roguey, mainiacjoe_overflow_alcove_2, erik_orc_2,
          gammafunk_ghost_abyssal_escape, uniq_erolcha, uniq_maurice
D:10:     nzn_winding_woodlands_cross [nzn_winding_woodlands_5x15_concentric,
          nzn_winding_woodlands_5x15_twine, nzn_winding_woodlands_5x15_garden,
          nzn_winding_woodlands_5x15_parted,
          nzn_winding_woodlands_15x15_eel_pit], layout_rooms,
          lemuel_crystal_altar
Orc:1:    layout_caves

Skill      XL: |  1  2  3  4  5  6  7  8  9 10 11 |
---------------+----------------------------------+-----
Shields        | 3 4 5 6 7 |  7.6
Dodging        | 3 4 5 6 7 |  7.0
Unarmed Combat | 3 4 5 6 8 |  8.4
Fighting       | 3 4 5 |  5.5
Throwing       | 2 3 4 |  4.7
Axes           | 4 7 9 |  9.6
Stealth        | 1 |  1.9

Action                   |  1- 3 |  4- 6 |  7- 9 | 10-12 || total
-------------------------+-------+-------+-------+-------++-------
Melee: Unarmed           |   148 |   196 |   136 |       ||   480
       Broad axe         |       |       |   101 |   337 ||   438
       Headbutt          |       |       |    16 |    60 ||    76
Throw: Dart              |       |       |    14 |    44 ||    58
       Boomerang         |       |       |    15 |     8 ||    23
  Use: Potion            |     3 |     4 |     2 |     3 ||    12
       Scroll            |     4 |     7 |     7 |     1 ||    19
 Stab: Sleeping          |       |     1 |     1 |       ||     2
Armor: Robe              |    51 |    59 |    50 |    16 ||   176
       Steam dragon scal |       |       |       |    70 ||    70
Dodge: Dodged            |    45 |   130 |    95 |   215 ||   485
Block: Kite shield       |    57 |    97 |   118 |   182 ||   454
